 Dungeon Crawl Stone Soup version 0.20.0 (webtiles) character file.

7616 Danakh the Cleaver (level 11, 0/72 HPs)
             Began as a Gargoyle Berserker on June 3, 2017.
             Was a High Priest of Trog.
             Slain by a killer bee (3 damage)
             ... on level 9 of the Dungeon.
             The game lasted 00:32:13 (6672 turns).

Danakh the Cleaver (Gargoyle Berserker)             Turns: 6672, Time: 00:32:13

Health: 0/72       AC: 29    Str: 23    XL:     11   Next: 18%
Magic:  3/3        EV:  7    Int:  7    God:    Trog [*****.]
Gold:   403        SH:  0    Dex:  9    Spells: 10/10 levels left

rFire    . . .     SeeInvis .   T - +4 battleaxe (antimagic)
rCold    + . .     Gourm    .   (shield currently unavailable)
rNeg     + + .     Faith    .   A - +0 plate armour
rPois    ∞         Spirit   .   F - +0 helmet
rElec    +         Reflect  .   y - +0 cloak
rCorr    .         Harm     .   m - +0 pair of gloves
MR       .....     Rnd*Rage +   E - +2 pair of boots
Stlth    ..........             (no amulet)
Regen    0.3/turn               J - ring of positive energy
MPRegen  0.1/turn               (no ring)

@: berserk cooldown
A: berserk 1, cold resistance 1, deterioration 1, negative energy resistance 1,
electricity resistance, weak 1, unbreathing, petrification resistance, no potion
heal 1, rot immunity, MP-powered wands, AC +7
a: Berserk, Trog's Hand, Brothers in Arms, Burn Spellbooks, Renounce Religion


You were on level 9 of the Dungeon.
You worshipped Trog.
Trog was extremely pleased with you.
You were very hungry.

You visited 1 branch of the dungeon, and saw 9 of its levels.

You collected 403 gold pieces.

Inventory:

Hand Weapons
 a - a +0 hand axe
 D - a +0 war axe
 T - a +4 antimagic battleaxe (weapon)
Armour
 b - a +0 animal skin
 m - a +0 pair of gloves (worn)
 n - a +0 scale mail
 y - a +0 cloak (worn)
 A - a +0 plate armour (worn)
 E - a +2 pair of boots (worn)
 F - a +0 helmet (worn)
Jewellery
 J - a ring of positive energy (left hand)
Wands
 q - a wand of random effects (12/48)
 v - a wand of digging (7/24)
 x - a wand of polymorph (18/24)
 B - a wand of paralysis (14/24)
Scrolls
 f - 5 scrolls of identify {unknown}
 h - a scroll of teleportation {unknown}
 i - 5 scrolls of magic mapping {unknown}
 j - 2 scrolls of immolation {unknown}
 l - 3 scrolls of recharging {unknown}
 o - 4 scrolls of amnesia {unknown}
 r - 2 scrolls of blinking {unknown}
 u - 5 scrolls of remove curse {unknown}
 C - 4 scrolls of enchant weapon {unknown}
 G - a scroll of fog {unknown}
 I - 3 scrolls of fear {unknown}
 M - a scroll of summoning {unknown}
 N - a scroll of enchant armour {unknown}
 O - a scroll of vulnerability {unknown}
Potions
 d - 2 potions of ambrosia {unknown}
 e - a potion of invisibility {unknown}
 s - 7 potions of curing
 t - 3 potions of cancellation {unknown}
 w - a potion of lignification {unknown}
 z - a potion of flight {unknown}
 H - 2 potions of might {unknown}
 K - 2 potions of heal wounds
 L - a potion of brilliance {unknown}
 Q - 2 potions of agility {unknown}
Books
 P - a book of Cantrips

   Spells                             Type                      Level
   a - Confusing Touch                Hexes                        1
   b - Animate Skeleton               Necromancy                   1
   c - Summon Small Mammal            Summoning                    1
   d - Apportation                    Translocation                1
   Trog disapproves of the use of such an item.
 R - a book of Changes

   Spells                             Type                      Level
   a - Beastly Appendage              Transmutation                1
   b - Sticks to Snakes               Transmutation                2
   c - Spider Form                    Transmutation/Poison         3
   d - Ice Form                       Ice/Transmutation            4
   e - Blade Hands                    Transmutation                5
   Trog disapproves of the use of such an item.
Comestibles
 c - 6 bread rations
 g - 5 royal jellies
 k - 6 fruits
 p - 2 meat rations
 S - 3 chunks of flesh


   Skills:
 + Level 9.9 Fighting
 * Level 11.3 Axes
 + Level 9.3 Armour
 - Level 1.5 Dodging


You had 10 spell levels left.
You didn't know any spells.

Dungeon Overview and Level Annotations

Branches:
Dungeon (9/15)             Temple (0/1) D:4             Orc (0/2) D:9
   Lair: D:8-11

Altars:
Cheibriados
Dithmenos
Kikubaaqudgha
Makhleb
Nemelex Xobeh
Ru
Sif Muna
Beogh


Innate Abilities, Weirdness & Mutations

You are resistant to torment.
Your stone body is resilient. (AC +7)
You are immune to poison.
You resist negative energy. (rN+)
You are resistant to electric shocks. (rElec)
You can survive without breathing.
You are immune to petrification.
You are immune to rotting.
You tend to lose your temper in combat.
Your flesh is cold resistant. (rC+)
Your body sometimes deteriorates upon taking damage.
You are weak. (Str -2)
Potions are less effective at restoring your health.
You expend magic power (3 MP) to strengthen your wands.


Message History

The killer bee barely misses you.
The killer bee stings you but does no damage.
You closely miss the killer bee.
The killer bee is heavily wounded.
The killer bee stings you.
* * * LOW HITPOINT WARNING * * *
The killer bee barely misses you.
You miss the killer bee.
The killer bee is moderately wounded.
The killer bee barely misses you.
The killer bee stings you but does no damage. x2
You miss the killer bee.
The killer bee is moderately wounded.
The killer bee stings you.
* * * LOW HITPOINT WARNING * * *
The killer bee barely misses you.
You closely miss the killer bee.
The killer bee is moderately wounded.
The killer bee stings you.
You die...

#..#.....) !..
#..#....()
..########..#....)(
............#....).
............#######
................... ##
#................. #.y
#..###'###.....)..
#.#yy##@##.....##.#####.
##...y†#y#.......#.# #.
....yy†.y#.......#.# #.
########.'..._...+.# #.
#.#.......#.# #.
...#.......#.#####.
.....##.....##.......
........###'####.......
.###+##.#......#.......


You could see 2 killer bees.

Vanquished Creatures
  The ghost of ultrashaft the Severer, a journeyman HOBe of Trog (D:9)
  A two-headed ogre (D:9)
  Pikel (D:4)
  The ghost of Eucla the Cleaver, a novice MiGl of Okawaru (D:6)
  A queen bee (D:9)
  Grinder (D:5)
  A hippogriff (D:9)
  Sigmund (D:2)
  A wyvern (D:6)
  3 yaks (D:9)
  2 hungry ghosts
  A water moccasin (D:9)
  3 orc warriors
  A slave (D:4)
  2 ice beasts
  2 sky beasts
  2 black bears
  A phantom (D:4)
  2 ogres
  4 centaurs
  A big kobold (D:9)
  3 bullfrogs
  2 scorpions
  12 killer bees (D:9)
  5 wights (D:8)
  2 howler monkeys (D:7)
  A crimson imp (D:9)
  A centaur zombie (D:9)
  A hound (D:8)
  Crazy Yiuf (D:3)
  A centaur skeleton (D:7)
  A jelly (D:8)
  3 orc priests
  Terence (D:3)
  An iguana (D:4)
  Natasha (thrice) (D:3)
  9 orc wizards
  7 worker ants
  2 hound skeletons (D:7)
  A howler monkey zombie (D:4)
  A worker ant zombie (D:7)
  7 gnolls
  12 adders
  A shadow imp (D:7)
  2 oozes
  An adder zombie (D:8)
  An adder skeleton (D:7)
  A worm (D:2)
  3 dart slugs
  7 leopard geckos
  30 orcs
  A ball python (D:3)
  8 giant cockroaches
  10 goblins
  6 hobgoblins
  5 jackals
  A quokka (D:7)
  4 bats
  3 frilled lizards
  9 kobolds
  A leopard gecko skeleton (D:8)
  A quokka zombie (D:6)
  6 rats
  3 fungi (D:3)
214 creatures vanquished.

Notes
Turn   | Place    | Note
-------+----------+-------------------------------------------
     0 | D:1      | Danakh the Gargoyle Berserker began the quest for the Orb.
     0 | D:1      | Reached XP level 1. HP: 14/14 MP: 1/1
   224 | D:1      | Reached skill level 3 in Axes
   259 | D:1      | Reached XP level 2. HP: 18/19 MP: 2/2
   519 | D:1      | Reached XP level 3. HP: 19/23 MP: 3/3
   906 | D:2      | Reached ** piety under Trog
  1110 | D:2      | Found a sparkling altar of Nemelex Xobeh.
  1111 | D:2      | Found a snail-covered altar of Cheibriados.
  1111 | D:2      | Noticed Sigmund
  1133 | D:2      | Killed Sigmund
  1133 | D:2      | Reached skill level 4 in Axes
  1133 | D:2      | Reached XP level 4. HP: 12/30 MP: 4/4
  1133 | D:2      | Reached XP level 5. HP: 14/34 MP: 5/5
  1593 | D:2      | Reached XP level 6. HP: 36/39 MP: 6/6
  1653 | D:3      | Noticed Natasha
  1661 | D:3      | Killed Natasha
  1718 | D:3      | Reached skill level 5 in Axes
  1863 | D:3      | Noticed Natasha
  1873 | D:3      | Killed Natasha
  1882 | D:3      | Found a sacrificial altar of Ru.
  1952 | D:3      | Noticed Natasha
  1979 | D:3      | Killed Natasha
  2180 | D:3      | Noticed Terence
  2190 | D:3      | Killed Terence
  2235 | D:3      | Found a faded altar of an unknown god.
  2381 | D:3      | Found a runed door.
  2385 | D:3      | Noticed Crazy Yiuf
  2391 | D:3      | Killed Crazy Yiuf
  2391 | D:3      | Reached skill level 5 in Fighting
  2391 | D:3      | Reached XP level 7. HP: 25/44 MP: 3/7
  2566 | D:4      | Reached *** piety under Trog
  2606 | D:4      | Found a staircase to the Ecumenical Temple.
  2631 | D:4      | HP: 2/66 [iguana (3)]
  2704 | D:4      | Reached skill level 6 in Axes
  3083 | D:4      | Noticed Pikel
  3096 | D:4      | Paralysed by Pikel for 4 turns
  3110 | D:4      | Killed Pikel
  3110 | D:4      | Reached skill level 5 in Armour
  3110 | D:4      | Reached XP level 8. HP: 36/51 MP: 8/8
  3325 | D:4      | Reached skill level 7 in Axes
  3493 | D:5      | Entered Level 5 of the Dungeon
  3559 | D:5      | Noticed Grinder
  3579 | D:5      | Killed Grinder
  3682 | D:5      | Found an ancient bone altar of Kikubaaqudgha.
  3766 | D:5      | Found a deep blue altar of Sif Muna.
  4038 | D:6      | Gained mutation: You are weak. (Str -2) [mutagenic meat]
  4039 | D:6      | Gained mutation: Potions are less effective at restoring your health. [mutagenic meat]
  4040 | D:6      | Gained mutation: Your flesh is cold resistant. (rC+) [mutagenic meat]
  4041 | D:6      | Gained mutation: Your body sometimes deteriorates upon taking damage. [mutagenic meat]
  4043 | D:6      | Gained mutation: You expend magic power (3 MP) to strengthen your wands. [mutagenic meat]
  4059 | D:6      | Reached XP level 9. HP: 51/56 MP: 9/9
  4112 | D:6      | Reached skill level 8 in Axes
  4217 | D:6      | Noticed Eucla's ghost (novice MiGl)
  4235 | D:6      | Killed Eucla's ghost
  4235 | D:6      | Reached **** piety under Trog
  4733 | D:7      | Reached skill level 9 in Axes
  4788 | D:7      | Paralysed by fainting for 8 turns
  5119 | D:7      | Found a shadowy altar of Dithmenos.
  5553 | D:8      | Reached XP level 10. HP: 64/64 MP: 10/10
  5556 | D:8      | Paralysed by fainting for 5 turns
  5750 | D:8      | Reached skill level 10 in Axes
  6234 | D:9      | Found a staircase to the Orcish Mines.
  6248 | D:9      | Found a roughly hewn altar of Beogh.
  6259 | D:9      | Reached ***** piety under Trog
  6319 | D:9      | Noticed a two-headed ogre
  6327 | D:9      | Killed a two-headed ogre
  6446 | D:9      | Noticed ultrashaft's ghost (journeyman HOBe)
  6466 | D:9      | Killed ultrashaft's ghost
  6466 | D:9      | Reached skill level 11 in Axes
  6466 | D:9      | Reached XP level 11. HP: 71/71 MP: 11/11
  6552 | D:9      | Received a gift from Trog
  6577 | D:9      | Gained mutation: You occasionally shout uncontrollably at your foes. [mutagenic meat]
  6578 | D:9      | Gained mutation: You tend to lose your temper in combat. [mutagenic meat]
  6579 | D:9      | Lost mutation: You occasionally shout uncontrollably at your foes. [mutagenic meat]
  6596 | D:9      | Found a burning altar of Makhleb.
  6671 | D:9      | HP: 3/72 [killer bee (3)]
  6672 | D:9      | Slain by a killer bee

Skill      XL: |  1  2  3  4  5  6  7  8  9 10 11 |
---------------+----------------------------------+-----
Axes           | 3 4 5 6 7 9 11 | 11.3
Fighting       | 4 5 6 8 9 |  9.9
Armour         | 3 4 5 6 7 8 9 |  9.3
Dodging        | |  1.5

Action                   |  1- 3 |  4- 6 |  7- 9 | 10-12 || total
-------------------------+-------+-------+-------+-------++-------
Melee: Hand axe          |   128 |   177 |    77 |       ||   382
       War axe           |       |       |   277 |   205 ||   482
       Battleaxe         |       |       |       |    55 ||    55
Invok: Berserk           |       |     3 |     9 |     7 ||    19
  Eat: Chunk             |     1 |     6 |    26 |    16 ||    49
Armor: Animal skin       |    26 |       |       |       ||    26
       Scale mail        |    16 |    89 |    23 |       ||   128
       Plate armour      |       |       |   285 |   278 ||   563
Dodge: Dodged            |    82 |   104 |   150 |   128 ||   464
